 Dungeon Crawl Stone Soup version 0.25-a0-258-g6d7e32a812 (webtiles) character file.

Game seed: 2219719301751792559, levelgen mode: deterministic

8010 MrRokkomies the Destroyer (level 11, -7/54 HPs)
             Began as a Tengu Fire Elementalist on Dec 6, 2019.
             Was a Priest of Sif Muna.
             Mangled by a death yak (20 damage)
             ... on level 10 of the Dungeon.
             The game lasted 00:47:04 (11352 turns).

MrRokkomies the Destroyer (TeFE)                   Turns: 11352, Time: 00:47:07

Health: -7/54      AC: 13    Str: 10    XL:     11   Next: 24%
Magic:  9/15       EV: 13    Int: 16    God:    Sif Muna [***...]
Gold:   402        SH:  6    Dex: 16    Spells: 3/14 levels left

rFire    . . .     SeeInvis .   a - +4 spear (flame)
rCold    + . .     Gourm    .   k - +1 buckler
rNeg     + . .     Faith    .   l - +0 ice dragon scales
rPois    .         Spirit   .   (helmet restricted)
rElec    .         Reflect  .   q - +1 cloak {+Inv}
rCorr    .         Harm     .   (no gloves)
MR       .....                  (boots unavailable)
Stlth    ..........             (no amulet)
HPRegen  0.18/turn              s - ring of positive energy
MPRegen  0.14/turn              g - ring of fire

@: flying quickly and evasively, very slightly contaminated, slowed, very slow
A: beak, talons 3, able to fly
a: Stop Flying, Channel Magic, Forget Spell, Renounce Religion, Evoke
Invisibility


You were on level 10 of the Dungeon.
You worshipped Sif Muna.
Sif Muna was most pleased with you.
You were hungry.

You visited 2 branches of the dungeon, and saw 12 of its levels.
You also visited: Sewer.

You collected 402 gold pieces.

Inventory:

Hand Weapons
 a - a +4 spear of flaming (weapon)
 b - a +0 hunting sling
Missiles
 j - 78 sling bullets
 m - 403 stones
 o - 18 poisoned darts (quivered)
Armour
 d - a +0 leather armour
 k - a +1 buckler (worn)
 l - +0 ice dragon scales (worn)
 q - a +1 cloak of invisibility (worn)
Jewellery
 g - a ring of fire (right hand)
 s - a ring of positive energy (left hand)
 w - an uncursed ring of see invisible
Wands
 n - a wand of iceblast (6)
 x - a wand of flame (25)
Scrolls
 h - a scroll of immolation
 v - a scroll of amnesia
 y - a scroll of identify
 A - 3 scrolls of remove curse
 B - 5 scrolls of enchant armour
Potions
 e - 2 potions of invisibility
 f - a potion of brilliance
 p - 2 potions of curing
 r - a potion of might {unknown}
 t - 2 potions of agility
 u - a potion of berserk rage
 z - a potion of degeneration {unknown}
 C - a potion of heal wounds
 D - a potion of mutation {unknown}
Comestibles
 c - 18 rations


   Skills:
 + Level 5.6 Armour
 - Level 6.0 Dodging
 - Level 2.0 Stealth
 - Level 4.1 Shields
 - Level 2.0 Spellcasting
 * Level 13.2 Conjurations
 * Level 11.7 Fire Magic


You had 3 spell levels left.
You knew the following spells:

 Your Spells              Type           Power        Failure   Level  Hunger
a - Foxfire               Conj/Fire      ####         1%          1    #......
b - Conjure Flame         Conj/Fire      ######..     3%          3    ###....
c - Sticky Flame          Conj/Fire      ######..     10%         4    #####..
d - Inner Flame           Hex/Fire       ####....     41%         3    ###....

Your spell library contained the following spells:

 Spells                   Type           Power        Failure   Level  Hunger
 Beastly Appendage        Tmut           #.....       86%         1    #......
 Sticks to Snakes         Tmut           #.......     94%         2    ###....
 Spider Form              Tmut/Pois      #.........   99%         3    ###....
 Fireball                 Conj/Fire      ######....   28%         5    ######.
 Ice Form                 Ice/Tmut       #.......     100%        4    #####..
 Blade Hands              Tmut           #.........   100%        5    ######.


Dungeon Overview and Level Annotations

Branches:
Dungeon (11/15)            Temple (1/1) D:4             Orc (0/2) D:9
  Sewer (visited)
   Lair: D:8-11

Altars:
Ashenzari
Cheibriados
Dithmenos
Elyvilon
Fedhas
Gozag
Hepliaklqana
Kikubaaqudgha
Makhleb
Nemelex Xobeh
Okawaru
Qazlal
Ru
Sif Muna
Trog
Uskayaw
Vehumet
Wu Jian
Xom
Yredelemnul
Zin
The Shining One

Shops:
D:5 }   D:6 (   D:9 (!:!}

Annotations:
D:11 Sonja


Innate Abilities, Weirdness & Mutations

You have a beak for a mouth.
You have claws for feet.
You can fly continuously.


Message History

Sonja throws a curare-tipped dart.
The curare-tipped dart misses you.
Sonja throws a curare-tipped dart.
You block the curare-tipped dart.
Unknown command.
Blink to where?
Press: ? - help, Dir - move target cursor You are very lightly contaminated with residual magic.
As you read the scroll of blinking, it crumbles to dust.
Something hits you. Something hits you.
Blink to where?
Press: ? - help, Dir - move target cursor
As you read the scroll of blinking, it crumbles to dust.
Something hits you. Something hits you but does no damage.
Something hits you but does no damage.
You fly upwards.
Reactivating autopickup.
The death yak gores you.
* * * LOW HITPOINT WARNING * * *
The death yak gores you!!
You die...

#..Y....#.##.#
#†###.#)#.##.#
#.# #........#
#Y######Y.####
..........#
.r#######..#
... #..# ....
#.Y# .(...
#.@# ......
####


You could see 2 death yaks.

Vanquished Creatures
  Erolcha (D:9)
  3 two-headed ogres (D:9)
  A death yak (D:10)
  Pikel (D:5)
  Maurice (D:9)
  A hornet (D:9)
  Sigmund (D:6)
  A spriggan (D:8)
  Eustachio (D:5)
  A water moccasin (D:5)
  2 slaves (D:5)
  2 orc warriors
  2 ice beasts (D:8)
  3 sky beasts
  2 phantoms (D:4)
  4 ogres
  3 centaurs
  A big kobold (Sewer)
  4 bullfrogs
  3 killer bees (D:8)
  2 electric eels (D:6)
  3 crimson imps
  A howler monkey (D:4)
  2 hounds
  A bullfrog zombie (D:8)
  4 jellies
  12 orc wizards
  3 orc priests
  2 bullfrog skeletons
  Crazy Yiuf (D:6)
  5 iguanas
  3 worker ants
  A killer bee zombie (D:6)
  2 howler monkey zombies
  Robin (D:2)
  4 adders
  2 river rats
  A shadow imp (D:7)
  An ooze (D:7)
  2 adder skeletons
  5 worms
  4 dart slugs
  7 leopard geckos
  29 orcs
  3 ball pythons
  9 giant cockroaches
  11 hobgoblins
  5 jackals
  4 quokkas
  9 bats
  2 frilled lizards
  16 goblins
  A jackal skeleton (D:4)
  A jackal zombie (D:8)
  6 kobolds
  A leopard gecko skeleton (D:4)
  A quokka zombie (D:5)
  13 rats
218 creatures vanquished.

Vanquished Creatures (others)
  464 foxfires
464 creatures vanquished.

Grand Total: 682 creatures vanquished

Notes
Turn   | Place    | Note
-------+----------+-------------------------------------------
     0 | D:1      | MrRokkomies the Tengu Fire Elementalist began the quest for
                  | the Orb.
     0 | D:1      | Reached XP level 1. HP: 10/10 MP: 4/4
   217 | D:1      | Reached skill level 2 in Conjurations
   217 | D:1      | Reached XP level 2. HP: 15/15 MP: 3/6
   584 | D:1      | Reached XP level 3. HP: 19/19 MP: 4/7
   728 | D:1      | Learned a level 3 spell: Conjure Flame
  1411 | D:2      | Reached skill level 3 in Conjurations
  1461 | D:2      | Noticed Robin
  1720 | D:2      | Reached XP level 4. HP: 24/24 MP: 5/8
  1734 | D:2      | Killed Robin
  2398 | D:3      | Reached skill level 1 in Shields
  2398 | D:3      | Reached skill level 4 in Conjurations
  2398 | D:3      | Gained mutation: You can fly continuously. [Tengu growth]
  2398 | D:3      | Reached XP level 5. HP: 22/28 MP: 1/9
  3126 | D:4      | Noticed an ogre
  3134 | D:4      | Killed an ogre
  3134 | D:4      | Reached skill level 5 in Fire Magic
  3134 | D:4      | Reached XP level 6. HP: 28/32 MP: 2/10
  3227 | D:4      | Reached skill level 5 in Conjurations
  3621 | D:4      | Found a staircase to the Ecumenical Temple.
  3621 | D:4      | Noticed a phantom
  3637 | D:4      | Killed a phantom
  3661 | Temple   | Entered the Ecumenical Temple
  3741 | Temple   | Became a worshipper of Sif Muna the Loreminder
  3852 | D:4      | Reached XP level 7. HP: 32/36 MP: 5/11
  4039 | D:4      | Reached skill level 6 in Conjurations
  4045 | D:4      | Learned a level 4 spell: Sticky Flame
  4151 | D:4      | Reached * piety under Sif Muna
  4497 | D:5      | Entered Level 5 of the Dungeon
  4754 | D:5      | Reached XP level 8. HP: 19/41 MP: 12/12
  4848 | D:5      | Found a glowing drain.
  4857 | Sewer    | Entered a sewer
  4863 | Sewer    | Reached skill level 7 in Conjurations
  5014 | Sewer    | Learned a level 3 spell: Inner Flame
  5117 | Sewer    | Found a white marble altar of Elyvilon.
  5605 | D:5      | Noticed Eustachio
  5628 | D:5      | Killed Eustachio
  5717 | D:5      | Found Jewealur's Gadget Emporium.
  5812 | D:5      | Noticed Pikel
  5860 | D:5      | Killed Pikel
  5860 | D:5      | Reached skill level 5 in Dodging
  5860 | D:5      | Reached skill level 8 in Conjurations
  5860 | D:5      | Reached XP level 9. HP: 45/45 MP: 6/13
  6052 | D:6      | Found a shattered altar of Ashenzari.
  6069 | D:6      | Noticed Sigmund
  6090 | D:6      | Killed Sigmund
  6090 | D:6      | Reached skill level 9 in Conjurations
  6311 | D:6      | Found Fool's Weapon Emporium.
  6370 | D:6      | Reached ** piety under Sif Muna
  7154 | D:6      | Found a runed translucent door.
  7156 | D:6      | Noticed Crazy Yiuf
  7164 | D:6      | Killed Crazy Yiuf
  7908 | D:7      | Reached skill level 1 in Armour
  8574 | D:8      | Reached skill level 10 in Conjurations
  8594 | D:8      | Found an opulent altar of Gozag.
  9066 | D:8      | Reached XP level 10. HP: 44/50 MP: 14/14
  9322 | D:9      | Found a staircase to the Orcish Mines.
  9345 | D:9      | Found a snail-covered altar of Cheibriados.
  9347 | D:9      | Noticed a two-headed ogre
  9394 | D:9      | Paralysed by a hornet for 1 turns
  9399 | D:9      | Reached skill level 11 in Conjurations
  9770 | D:9      | Reached skill level 10 in Fire Magic
  9771 | D:9      | Noticed Maurice
  9880 | D:9      | Killed Maurice
 10075 | D:9      | Found a sparkling altar of Nemelex Xobeh.
 10081 | D:9      | Found Boofank's Gadget Emporium.
 10116 | D:9      | Reached *** piety under Sif Muna
 10175 | D:9      | Found Paemoqy's Distillery.
 10183 | D:9      | Noticed a two-headed ogre
 10200 | D:9      | Killed a two-headed ogre
 10426 | D:9      | Killed a two-headed ogre
 10426 | D:9      | Reached skill level 12 in Conjurations
 10773 | D:9      | Found Ysussoutt's Distillery.
 10774 | D:9      | Found Xicuutt's Weapon Boutique.
 10774 | D:9      | Noticed a two-headed ogre
 10799 | D:9      | Killed a two-headed ogre
 10799 | D:9      | Reached skill level 5 in Armour
 10799 | D:9      | Reached XP level 11. HP: 54/54 MP: 10/15
 10946 | D:9      | Found Edilot's Book Boutique.
 10969 | D:9      | Noticed Erolcha
 10998 | D:9      | Killed Erolcha
 10998 | D:9      | Reached skill level 13 in Conjurations
 11208 | D:10     | Entered Level 10 of the Dungeon
 11250 | D:10     | Noticed a death yak
 11260 | D:10     | Noticed a death yak
 11261 | D:10     | Noticed a death yak
 11262 | D:10     | Killed a death yak
 11339 | D:11     | Noticed a red ugly thing
 11345 | D:11     | Noticed Sonja
 11352 | D:10     | Mangled by a death yak

Levels and vault maps discovered:
D:1:      co_arrival_random_square_maze, layout_basic,
          hangedman_decor_peaks_small, chequers_garden
D:2:      layout_loops_cross, uniq_robin
D:3:      layout_loops_ring
D:4:      layout_rooms, minmay_temple_entry_glassed_door, first_ration,
          hex_medium
D:5:      layout_loops_ring, gup_sewer_entry_bubbles, serial_shops,
          kennysheep_mini_moat, kb_lookout_dungeons_type,
          minmay_fractal_squares_5, uniq_eustachio, uniq_pikel
D:6:      layout_rooms, serial_bayou, serial_bayou_shore_a,
          serial_bayou_lagoon_a, serial_bayou_pond_d, serial_bayou_pond_a,
          serial_shops, shop, evilmike_ruin_ashenzari, uniq_crazy_yiuf_cottage,
          uniq_sigmund
D:7:      layout_basic
D:8:      layout_loops_corners, the_bakery, serial_park_tiny_2,
          kennysheep_flooded_box
D:9:      layout_grid_maze, lemuel_doored_altar, orc_0_dummy, serial_shops,
          nicolae_shop_crystal, kennysheep_mini, shop, shop, shop,
          cheibrodos_worm_habitat, uniq_maurice, uniq_erolcha
D:10:     layout_basic, dpeg_lair_monsters, gammafunk_ghost_mausoleum,
          uniq_erica
D:11:     layout_cave_pools, special_room [special_room_orc],
          hangedman_abyss_or_decor_stagger, uniq_sonja
Temple:   grunt_wide_crystal_templ

Skill      XL: |  1  2  3  4  5  6  7  8  9 10 11 |
---------------+----------------------------------+-----
Conjurations   | 2 3 4 5 6 8 10 12 13 | 13.2
Fire Magic     | 4 5 6 7 9 11 | 11.7
Dodging        | 3 4 5 6 |  6.0
Shields        | 1 2 4 |  4.1
Armour         | 2 5 |  5.6
Stealth        | |  2.0
Spellcasting   | |  2.0

Action                   |  1- 3 |  4- 6 |  7- 9 | 10-12 || total
-------------------------+-------+-------+-------+-------++-------
Melee: Unarmed           |     3 |       |       |       ||     3
       Kick              |     6 |    12 |    37 |    13 ||    68
       Short sword       |    42 |       |       |       ||    42
       Peck              |     7 |    10 |    25 |    14 ||    56
       Spear             |       |    98 |   247 |    86 ||   431
Throw: Dart              |       |       |    36 |     1 ||    37
 Cast: Foxfire           |    40 |    52 |   112 |    64 ||   268
       Conjure Flame     |     1 |     1 |    11 |     7 ||    20
       Sticky Flame      |       |       |     7 |    10 ||    17
 Abil: Fly               |       |     1 |       |       ||     1
  Use: Scroll            |     7 |     3 |    11 |     4 ||    25
       Potion            |     1 |     4 |     4 |     1 ||    10
 Stab: Sleeping          |     2 |     6 |     2 |       ||    10
       Distracted        |       |     1 |       |       ||     1
  Eat: Chunk             |     2 |     9 |    17 |     5 ||    33
       Ration            |       |       |     1 |     2 ||     3
Armor: Robe              |    12 |     3 |       |       ||    15
       Leather armour    |       |     5 |    15 |       ||    20
       Ice dragon scales |       |       |    24 |    20 ||    44
       Skin              |       |       |    24 |       ||    24
Dodge: Dodged            |    33 |    26 |   119 |    39 ||   217
Block: Buckler           |     6 |    17 |    65 |    24 ||   112

Table legend:
 A = Non-vault XP
 B = Vault XP
 C = Vault XP percentage of total XP
 D = Non-vault monster count
 E = Vault monster count
 F = Vault count percentage of total count
                 A         B        C        D         E       F
            +---------+---------+-------+---------+---------+-------
      Total |    7265 |    4179 |  36.5 |     180 |      36 |  16.7
            +---------+---------+-------+---------+---------+-------
        D:1 |      43 |       0 |   0.0 |      23 |       0 |   0.0
        D:2 |      53 |      29 |  35.4 |      17 |       8 |  32.0
        D:3 |     181 |       0 |   0.0 |      27 |       0 |   0.0
        D:4 |     708 |       0 |   0.0 |      29 |       0 |   0.0
        D:5 |     300 |    1179 |  79.7 |      10 |      12 |  54.5
        D:6 |     531 |     256 |  32.5 |      12 |       2 |  14.3
        D:7 |     196 |       0 |   0.0 |       9 |       0 |   0.0
        D:8 |    1185 |     215 |  15.4 |      25 |       1 |   3.8
        D:9 |    3942 |    1500 |  27.6 |      25 |       3 |  10.7
       D:10 |       2 |     880 |  99.8 |       1 |       1 |  50.0
       D:11 |     124 |       0 |   0.0 |       2 |       0 |   0.0
      Sewer |       0 |     120 | 100.0 |       0 |       9 | 100.0
            +---------+---------+-------+---------+---------+-------
